 Dungeon Crawl Stone Soup version 0.26-a0-689-gc93c913f66 (webtiles) character file.

Game seed: 3197267187646752170

15 Chiseanne the Sneak (level 2, 0/24 HPs)
             Began as a Spriggan Delver on Oct 23, 2020.
             Slain by a bullfrog skeleton (2 damage)
             ... on level 6 of the Dungeon.
             The game lasted 00:01:12 (249 turns).

Chiseanne the Sneak (Spriggan Delver)                Turns: 249, Time: 00:01:13

Health: 0/24       AC: 21    Str:  8    XL:     2   Next: 34%
Magic:  3/3        EV:  4    Int: 11    God:
Gold:   20         SH:  0    Dex: 17    Spells: 1/1 levels left

rFire    . . .     SeeInvis +   a - +0 short sword
rCold    . . .     Faith    .   (shield restricted)
rNeg     + + +     Spirit   .   (armour currently unavailable)
rPois    +         Reflect  .   (helmet currently unavailable)
rElec    .         Harm     .   (cloak currently unavailable)
rCorr    .         Rampage  .   (gloves unavailable)
MR       .....     NoTele   +   (boots unavailable)
Stlth    ++++......             (no amulet)
HPRegen  0.08/turn              (no ring)
MPRegen  0.08/turn              (no ring)

@: tree-form
A: very small, unfitting armour, see invisible
a: no special abilities


You were on level 6 of the Dungeon.
You were a tree.
You visited 1 branch of the dungeon, and saw 2 of its levels.

You collected 20 gold pieces.

Inventory:

Hand Weapons
 a - a +0 short sword (weapon)
 k - a cursed -3 quarterstaff
Armour
 b - a +0 robe (melded)
Jewellery
 m - an uncursed ring of poison resistance {unknown}
 n - a +4 ring of protection {unknown}
Wands
 g - a wand of digging (3)
 o - a wand of disintegration (16)
Scrolls
 c - 2 scrolls of fog
 d - a scroll of magic mapping
 e - a scroll of fear
Potions
 f - a potion of haste
 l - a potion of heal wounds {unknown}


   Skills:
 - Level 2.4 Fighting
 + Level 2.5 Short Blades
 + Level 3.4 Dodging
 * Level 7.7 Stealth


You had one spell level left.
You didn't know any spells.
Your spell library was empty.

Dungeon Overview and Level Annotations

Branches:
Dungeon (6/15)
 Temple: D:4-7

Altars:
Cheibriados
Elyvilon


Innate Abilities, Weirdness & Mutations

You are very small and have problems with some larger weapons.
You are too small for most types of armour.
You have supernaturally acute eyesight. (SInv)
((You cover ground extremely quickly.))


Message History

The bullfrog skeleton hits you.
You hit the bullfrog skeleton.
The bullfrog skeleton is heavily damaged.
The bullfrog skeleton completely misses you.
The bullfrog skeleton hits you.
You barely miss the bullfrog skeleton.
The bullfrog skeleton is heavily damaged.
The bullfrog skeleton hits you!
* * * LOW HITPOINT WARNING * * *
You hit the bullfrog skeleton but do no damage.
The bullfrog skeleton is heavily damaged.
The bullfrog skeleton misses you.
It was a potion of lignification.
You turn into a tree.
Your +0 robe melds into your body.
Your roots penetrate the ground.
The bullfrog skeleton hits you but does no damage.
You barely miss the bullfrog skeleton.
The bullfrog skeleton is heavily damaged.
The bullfrog skeleton hits you but does no damage.
The bullfrog skeleton hits you.
You die...

#.........##........
##.....#.#.<....... ##
##......#...........
##.##.........#........#
....#.......###........#
...........#####........
.............###.......#
#..................#...
#...Z♣...##......##.).
#.........#...........
#.).........##.##.....
##.....>.#..## ##>....
###....###..###......
#...................
##..###.##..........
##.# #.###....#...# . .
#..#......#


You could see a bullfrog skeleton.

Vanquished Creatures
  A hound zombie (D:6)
1 creature vanquished.

Notes
Turn   | Place    | Note
-------+----------+-------------------------------------------
     0 | D:5      | Chiseanne the Spriggan Delver began the quest for the Orb.
     0 | D:5      | Reached XP level 1. HP: 11/11 MP: 2/2
     5 | D:5      | Found a white marble altar of Elyvilon.
    24 | D:6      | Noticed a two-headed ogre
    51 | D:6      | Noticed a hound
    63 | D:5      | Found a snail-covered altar of Cheibriados.
   211 | D:6      | Reached XP level 2. HP: 16/16 MP: 3/3
   249 | D:6      | Slain by a bullfrog skeleton

Illustrated notes

Levels and vault maps discovered:
D:5:      layout_basic, temple_doors_cd, basic_altar, elyvilon_altar_3
D:6:      layout_cave_pools, portal_sewer_entry_e, basic_altar

Action                   || total
-------------------------++-------
Melee: Short sword       ||    11
  Use: Scroll            ||     2
       Potion            ||     1
 Stab: Sleeping          ||     1
Armor: Robe              ||     2
       Skin              ||     2
Dodge: Dodged            ||     8

Table legend: (Time is in decaauts)
 A = Elapsed time spent in this place.
 B = Non-inter-level travel time spent in this place.
 C = Inter-level travel time spent in this place.
 D = Time resting spent in this place.
 E = Time spent auto-exploring this place.
 F = Levels seen in this place.
 G = Mean time per level.
                   A        B        C        D        E       F      G
               +--------+--------+--------+--------+--------+-----+--------+
         Total |    201 |    201 |      0 |     97 |      0 |   2 |  100.5 |
       Dungeon |    201 |    201 |      0 |     97 |      0 |   2 |  100.5 |
               +--------+--------+--------+--------+--------+-----+--------+

Top non-repeatable levels by time:
     D:6: 172 daAuts
     D:5: 28 daAuts
